Map: [ESL] Hard Lead

Players

Cham

  • Race: Zerg Zerg
  • Spawn Location: 5:00

Scarlett - Winner!

  • Race: Zerg Zerg
  • Spawn Location: 11:00

Event: ESL SC2 Masters 2023 Winter (Finals)

VOD

Have the link to the VOD?

Description

Time

  • Played on: Dec. 15, 2023, 6:21 p.m.
  • Length: 20:30

All games in this series

Show
View Real Time Build Order
Export as new Build Order

Cham Zerg 

Build Orders: Hatch First, Roach Nydus 

Get SALT Encoding   

  12  0:00  Drone  
  13  0:12  Overlord  
  13  0:17  Drone  
  14  0:30  Drone x2  
  16  0:49  Hatchery  
  15  0:51  Drone  
  15  0:54  Drone  
  17  0:57  Drone  
  18  1:10  Spawning Pool  
  17  1:12  Extractor  
  17  1:15  Drone  
  17  1:18  Drone  
  18  1:29  Drone  
  19  1:39  Drone  
  20  1:50  Drone  
  21  2:01  Queen x2  
  23  2:03  Zergling x2  
  23  2:04  Overlord  
  26  2:12  Drone x2  
  28  2:19  Metabolic Boost  
  28  2:33  Drone x2  
  28  2:35  Hatchery  
  29  2:41  Baneling Nest  
  28  2:46  Overlord  
  28  2:49  Drone  
  29  2:54  Zergling x2, Drone  
  29  2:55  Zergling x2  
  29  2:57  Drone  
  33  3:06  Zergling x2  
  33  3:07  Drone  
  33  3:11  Drone x2  
  33  3:12  Drone  
  38  3:13  Zergling x2  
  38  3:14  Zergling x2  
  38  3:16  Drone  
  41  3:22  Drone x2  
  43  3:30  Drone, Overlord  
  44  3:46  Queen  
  44  3:47  Drone x2  
  48  3:51  Drone  
  48  3:52  Drone x5  
  53  3:56  Roach Warren  
  53  3:59  Drone x2, Extractor  
  53  4:02  Baneling  
  53  4:03  Overlord  
  53  4:07  Lair  
  53  4:10  Drone  
  53  4:14  Zergling x2  
  53  4:15  Overlord  
  55  4:17  Zergling x2  
  55  4:18  Zergling x2, Baneling  
  55  4:20  Extractor  
  55  4:22  Drone x2  
  55  4:23  Overlord  
  58  4:25  Drone  
  58  4:29  Drone x2  
  61  4:33  Drone x2  
  63  4:39  Drone  
  63  4:42  Roach  
  63  4:44  Roach x2  
  63  4:45  Spine Crawler  
  69  4:46  Roach x3  
  69  4:49  Roach  
  69  4:51  Roach  
  80  4:52  Roach  
  80  4:56  Overlord  
  80  4:57  Overlord  
  80  5:01  Zergling x2  
  80  5:08  Roach  
  80  5:10  Glial Reconstitution  
  80  5:14  Overlord x2  
  78  5:16  Drone x3  
  78  5:19  Extractor  
  78  5:21  Roach x3  
  87  5:22  Roach x2  
  87  5:24  Drone x2  
  87  5:25  Drone  
  94  5:30  Roach x2  
  94  5:35  Overlord  
  98  5:39  Overlord  
  98  5:41  Roach  
  98  5:42  Overlord  
  100  5:50  Nydus Network  
  100  5:52  Overlord  
  100  5:53  Roach  
  100  5:55  Roach x2, Overlord  
  100  5:56  Overlord  
  105  5:57  Roach  
  105  6:00  Roach  
  109  6:06  Roach x2  
  109  6:08  Overlord  
  109  6:09  Roach  
  109  6:10  Roach  
  109  6:11  Roach  
  119  6:16  Roach  
  119  6:17  Roach  
  123  6:18  Overlord  
  123  6:22  Roach  
  123  6:24  Roach  
  123  6:25  Roach x2  
  131  6:28  Roach  
  131  6:29  Overlord  
  133  6:36  Nydus Canal  
  133  6:37  Roach, Overlord  
  134  6:42  Roach  
  134  6:43  Roach  
  136  6:48  Roach x2  
  136  6:53  Roach x3  
  139  6:57  Roach  
  129  7:02  Roach x2  
  129  7:03  Roach  
  121  7:11  Roach x2  
  121  7:12  Roach  
  127  7:15  Roach  
  127  7:16  Roach  
  127  7:20  Roach x3  
  127  7:21  Drone  
  127  7:22  Drone  
  127  7:24  Roach  
  127  7:27  Roach x2  
  131  7:31  Roach  
  131  7:34  Roach  
  125  7:40  Roach x2  
  125  7:41  Drone x3  
  128  7:45  Roach  
  128  7:50  Extractor, Roach  
  131  7:52  Ravager  
  131  7:55  Queen, Roach x2  
  131  7:58  Extractor  
  137  8:04  Roach x3  
  143  8:10  Roach  
  145  8:15  Roach  
  145  8:18  Roach  
  145  8:19  Roach x2  
  147  8:21  Roach x4  
  151  8:28  Roach x3  
  149  8:38  Roach x3  
  149  8:39  Roach  
  153  8:42  Roach x2  
  153  8:45  Overlord  
  153  8:46  Hatchery  
  153  8:48  Overlord  
  156  8:49  Pneumatized Carapace  
  156  8:54  Evolution Chamber  
  155  8:58  Roach x4  
  163  9:04  Roach x2, Overlord  
  163  9:05  Roach x2  
  163  9:06  Overlord  
  163  9:07  Overlord  
  171  9:11  Roach x2  
  171  9:13  Roach  
  177  9:20  Spire  
  173  9:25  Drone x3  
  173  9:29  Drone x2  
  173  9:31  Drone  
  175  9:33  Drone  
  176  9:43  Zerg Missile Weapons Level 1  
  176  9:44  Roach  
  176  9:45  Roach x5  
  188  9:52  Roach x3  
  194  9:57  Roach x2  
  196  10:04  Nydus Canal  
  196  10:07  Roach  
  196  10:08  Roach  
  200  10:21  Nydus Canal  
  200  10:23  Roach  
  198  10:39  Ravager  
  198  10:40  Ravager  
  198  10:42  Ravager x2  
  199  10:47  Evolution Chamber  
  199  10:56  Nydus Canal  
  197  10:58  Roach  
  197  11:00  Roach  
  197  11:01  Roach x2  
  188  11:05  Roach x3  
  188  11:06  Roach x2  
  188  11:07  Roach  
  188  11:09  Roach  
  199  11:16  Roach x2  
  199  11:19  Roach  
  199  11:21  Drone  
  199  11:22  Nydus Canal  
  199  11:25  Roach  
  200  11:32  Roach  
  200  11:34  Overlord  
  198  11:44  Roach  
  198  11:45  Nydus Canal  
  198  11:46  Roach x2  
  198  11:50  Roach x2  
  198  11:53  Roach  
  199  11:59  Nydus Canal  
  199  12:05  Roach  
  199  12:07  Roach x2  
  199  12:14  Roach x2  
  189  12:20  Roach  
  189  12:21  Roach  
  167  12:28  Roach x5  
  163  12:32  Roach  
  163  12:33  Roach, Nydus Canal  
  163  12:36  Roach x2  
  164  12:40  Zerg Missile Weapons Level 2, Zerg Ground Armor Level 1  
  164  12:43  Roach x3  
  164  12:44  Roach x3  
  176  12:47  Nydus Canal  
  176  12:50  Roach x2  
  176  12:53  Ravager  
  176  12:54  Roach, Ravager  
  176  12:55  Roach x2  
  182  12:59  Roach  
  182  13:04  Roach x2  
  182  13:05  Roach  
  178  13:13  Roach x3  
  178  13:15  Roach x4  
  166  13:21  Roach  
  166  13:23  Roach x2  
  166  13:25  Roach  
  132  13:29  Roach  
  124  13:36  Roach x3  
  124  13:38  Roach  
  124  13:41  Drone x2  
  130  13:43  Drone  
  130  13:44  Drone  
  130  13:46  Drone  
  133  13:52  Roach x2  
  137  14:00  Drone x2  
  137  14:02  Roach x3  
  145  14:10  Ravager x2  
  145  14:11  Roach x2  
  145  14:12  Roach x2, Ravager  
  145  14:16  Roach x2  
  160  14:23  Roach  
  158  14:25  Roach x2  
  158  14:30  Roach  
  162  14:31  Roach  
  162  14:35  Roach  
  164  14:44  Roach x2  
  168  14:48  Roach x3  
  168  14:52  Zerg Ground Armor Level 2  
  174  14:59  Roach x2  
  172  15:00  Roach  
  172  15:02  Roach  
  172  15:06  Roach  
  174  15:07  Roach  
  174  15:11  Roach  
  174  15:12  Roach x3  
  182  15:14  Roach  
  182  15:16  Ravager x2  
  186  15:23  Overseer  
  186  15:25  Drone x6  
  179  15:40  Overseer  
  178  15:44  Roach x7  
  188  15:59  Drone x3, Infestation Pit  
  188  16:03  Drone x3  
  193  16:07  Drone x5  
  193  16:09  Overlord  
  186  16:21  Roach x7  
  188  16:33  Overlord  
  188  16:35  Hydralisk Den  
  188  16:36  Drone x2  
  187  16:41  Hatchery  
  184  16:54  Overseer  
  184  17:00  Extractor  
  183  17:01  Extractor  
  183  17:02  Drone x4  
  183  17:06  Hatchery  
  183  17:07  Grooved Spines  
  185  17:11  Hive  
  185  17:12  Hydralisk  
  185  17:18  Overseer  
  185  17:19  Overseer  
  185  17:41  Roach  
  185  17:42  Roach x7  
  191  17:46  Drone x6  
  191  17:47  Drone x4  
  189  17:58  Muscular Augments  
  157  18:23  Viper x4  
  157  18:24  Hydralisk  
  158  18:30  Drone x3  
  142  18:40  Drone x2  
  146  18:41  Roach x2  
  146  18:44  Drone, Extractor  
  146  18:46  Extractor  
  145  19:08  Hatchery  
  142  19:12  Roach  
  142  19:13  Roach x2  
  140  19:31  Hydralisk x3  
  130  19:38  Overseer  
  130  19:41  Roach x2  
  132  19:46  Roach  
  122  19:59  Roach x3  
  113  20:06  Roach  
Show
View Real Time Build Order
Export as new Build Order

Scarlett Zerg - Winner!

Build Orders: Hatch First 

Get SALT Encoding   

  12  0:00  Drone  
  13  0:12  Overlord  
  13  0:17  Drone  
  14  0:30  Drone x2  
  16  0:46  Hatchery  
  15  0:50  Drone  
  15  0:54  Drone  
  17  0:58  Drone  
  18  1:08  Extractor  
  17  1:12  Spawning Pool  
  17  1:15  Drone  
  17  1:18  Drone  
  18  1:27  Drone  
  19  1:38  Drone  
  20  1:50  Drone  
  21  1:58  Queen  
  21  1:59  Zergling x2, Queen, Overlord  
  26  2:07  Metabolic Boost  
  26  2:10  Drone  
  26  2:11  Drone  
  28  2:23  Zergling x2, Drone  
  30  2:31  Drone x2  
  32  2:39  Hatchery  
  32  2:42  Drone  
  32  2:43  Drone  
  33  2:51  Baneling Nest  
  32  2:52  Overlord  
  32  2:55  Drone  
  33  3:03  Zergling x2  
  34  3:06  Drone  
  34  3:11  Drone  
  34  3:12  Drone x5  
  41  3:16  Drone  
  41  3:19  Queen  
  42  3:25  Overlord  
  44  3:30  Roach Warren  
  43  3:35  Drone  
  43  3:36  Extractor  
  43  3:39  Drone  
  43  3:41  Overlord  
  44  3:43  Baneling x2  
  44  3:44  Drone x2  
  44  3:45  Drone  
  47  3:48  Zergling x2  
  47  3:49  Zergling x2  
  47  3:54  Drone x2  
  47  3:55  Overlord  
  51  4:02  Drone x2  
  53  4:11  Roach x5  
  53  4:16  Roach x2  
  67  4:18  Roach  
  67  4:21  Roach  
  71  4:24  Overlord  
  71  4:27  Drone  
  71  4:28  Drone x2  
  74  4:34  Lair  
  74  4:37  Evolution Chamber  
  73  4:41  Extractor  
  73  4:42  Drone x3  
  73  4:44  Drone x2  
  77  4:48  Overlord  
  77  4:50  Drone x4  
  77  4:52  Baneling x2  
  80  4:53  Drone  
  80  4:56  Extractor  
  80  4:57  Extractor  
  79  5:00  Overlord  
  78  5:15  Drone x11  
  78  5:17  Extractor  
  78  5:19  Zerg Missile Weapons Level 1  
  85  5:22  Pneumatized Carapace  
  85  5:26  Drone x5  
  90  5:32  Drone  
  90  5:34  Glial Reconstitution  
  91  5:38  Hatchery  
  91  5:40  Overlord  
  90  5:49  Roach x3, Overlord  
  96  5:52  Baneling x3  
  96  5:59  Overseer  
  96  6:00  Overlord x3  
  96  6:02  Overlord  
  96  6:06  Roach x3  
  102  6:12  Roach x4  
  110  6:19  Roach x3  
  116  6:26  Roach x2  
  116  6:30  Roach x4, Ravager  
  116  6:31  Ravager x3  
  132  6:33  Roach  
  132  6:34  Roach  
  132  6:37  Roach  
  132  6:39  Roach x2  
  142  6:43  Spine Crawler x2  
  142  6:44  Roach x2  
  143  6:53  Roach x5  
  142  6:59  Roach x4  
  132  7:04  Roach x3  
  119  7:12  Roach x5  
  118  7:18  Roach x2  
  118  7:22  Roach  
  112  7:23  Roach x2  
  112  7:25  Roach  
  114  7:33  Queen, Roach  
  114  7:34  Roach  
  114  7:35  Roach x2  
  116  7:41  Ravager  
  111  7:45  Roach, Ravager  
  111  7:46  Roach x2, Queen x2  
  111  7:48  Ravager  
  125  7:55  Roach  
  125  7:57  Roach x2, Spine Crawler  
  126  8:07  Roach, Ravager  
  126  8:08  Roach x2  
  126  8:09  Zerg Missile Weapons Level 2  
  133  8:18  Roach x2, Ravager  
  129  8:29  Roach  
  129  8:30  Roach x3  
  136  8:40  Ravager  
  137  8:43  Overlord x3  
  137  8:50  Overseer  
  137  8:54  Hatchery  
  136  8:59  Overlord x4  
  136  9:04  Extractor  
  136  9:05  Queen x3, Overlord  
  136  9:06  Drone  
  136  9:07  Drone x2  
  136  9:08  Roach x2  
  148  9:11  Roach x3  
  148  9:14  Hydralisk Den  
  153  9:28  Roach x3  
  159  9:38  Roach x7  
  171  9:45  Muscular Augments  
  171  9:48  Roach x3  
  177  9:58  Roach  
  177  9:59  Roach x2  
  183  10:09  Hydralisk x7  
  197  10:22  Roach  
  197  10:24  Ravager  
  200  10:30  Zerg Ground Armor Level 1  
  200  10:43  Spine Crawler  
  200  10:49  Grooved Spines  
  199  11:01  Roach x4  
  200  11:04  Infestation Pit  
  200  11:08  Ravager  
  200  11:11  Ravager x2  
  189  11:34  Drone x4  
  189  11:35  Drone  
  189  11:36  Spine Crawler  
  193  11:40  Overlord x2  
  187  11:56  Roach x7  
  195  12:02  Overlord  
  195  12:03  Hatchery  
  193  12:11  Roach x3  
  197  12:19  Roach x9  
  197  12:20  Roach  
  181  12:23  Roach x11  
  168  12:32  Roach x5  
  168  12:34  Ravager  
  168  12:35  Roach x6  
  186  12:43  Roach x4  
  194  12:50  Infestor x2  
  200  12:51  Roach x2  
  192  13:13  Drone  
  192  13:14  Drone  
  192  13:15  Roach x5, Spine Crawler  
  192  13:18  Zerg Ground Armor Level 2  
  177  13:32  Roach x13  
  195  13:41  Tunneling Claws  
  189  13:42  Burrow  
  189  13:44  Spine Crawler  
  189  13:46  Drone x3  
  191  13:51  Ravager  
  192  14:07  Drone x6  
  198  14:14  Drone x2  
  198  14:34  Ravager  
  198  14:37  Drone  
  200  14:38  Infestor  
  200  14:39  Infestor  
  200  15:00  Roach x6  
  200  15:01  Roach x2  
  196  15:08  Drone x4  
  196  15:10  Extractor  
  199  15:18  Roach x2  
  199  15:21  Lurker Den  
  196  15:28  Overseer  
  196  15:29  Extractor  
  183  15:47  Drone x3  
  186  15:50  Hive  
  186  15:54  Hydralisk x8  
  200  15:59  Extractor  
  200  16:00  Spine Crawler  
  200  16:01  Spine Crawler  
  195  16:08  Spine Crawler x2  
  193  16:12  Spine Crawler  
  193  16:16  Roach  
  193  16:17  Roach x3  
  192  16:23  Drone  
  193  16:26  Lurker x4  
  193  16:29  Overlord x3  
  197  16:41  Extractor  
  197  16:42  Extractor  
  197  16:43  Drone x3  
  197  16:44  Drone x3  
  197  16:46  Spine Crawler  
  194  16:51  Roach x7  
  192  16:56  Roach x9  
  192  16:59  Hydralisk x7  
  192  17:01  Seismic Spines  
  192  17:02  Zerg Missile Weapons Level 3  
  192  17:06  Roach  
  192  17:07  Roach x3  
  190  17:35  Roach x13  
  187  17:37  Roach x4  
  187  17:38  Roach x2  
  190  17:52  Hatchery  
  190  17:57  Hydralisk, Roach x3  
  187  17:58  Adaptive Talons  
  187  18:00  Drone x10  
  189  18:10  Roach  
  189  18:11  Roach x4  
  197  18:21  Lurker  
  190  18:30  Hatchery  
  185  18:35  Extractor  
  185  18:37  Lurker x2  
  185  18:38  Lurker, Hydralisk x8, Extractor  
  198  19:17  Roach x3  
  198  19:26  Hydralisk  
  192  19:41  Hydralisk x4  
  196  19:55  Hydralisk x5  
  192  20:06  Hydralisk x5  
Tags
 
Add a new tag
Caveats
  • Supply blocks, unpowered buildings, or Contaminate may cause inaccurate times.
  • Supply counts are checked every 10 seconds.